 Dungeon Crawl Stone Soup version 0.14-a0-1707-g75daffb (webtiles) character file.

202 Jenx the Ruinous (level 3, -5/19 HPs)
             Began as a Deep Elf Conjurer on Dec 31, 2013.
             Killed by divine providence
             ... invoked by an orc priest
              (8 damage)
             ... on Level 3 of the Dungeon.
             The game lasted 00:05:07 (1889 turns).

Jenx the Ruinous (Deep Elf Conjurer)                Turns: 1889, Time: 00:05:08

HP  -5/19        AC  2     Str  5      XL: 3   Next: 94%
MP   1/10        EV 13     Int 20      God:
Gold 137         SH  0     Dex 15      Spells:  2 memorised,  4 levels left

rFire  . . .     SeeInvis .     e - +1,+3 elf whip
rCold  . . .     Clarity  .     a - +0 elf robe
rNeg   . . .     Conserve .     (no shield)
rPois  .         rCorr    .     (no helmet)
rElec  .         rRot     .     (no cloak)
SustAb . .       Spirit   .     (no gloves)
rMut   .         Warding  .     (no boots)
Saprov . . .     Stasis   .     (no amulet)
                                (no ring)
                                (no ring)

@: slightly resistant to hostile enchantments, fairly stealthy
A: no striking features
a: no special abilities


You were on level 3 of the Dungeon.
You were hungry.

You visited 1 branch of the dungeon, and saw 3 of its levels.

You collected 137 gold pieces.

Inventory:

Hand weapons
 e - a +1,+3 elven whip (weapon)
Missiles
 l - 6 poisoned darts (quivered)
Armour
 a - a +0 elven robe (worn)
Magical devices
 h - a wand of random effects (10) {unknown}
Comestibles
 b - a bread ration
 o - a pear
Scrolls
 f - a scroll of identify {unknown}
 i - 4 scrolls of noise {unknown}
 j - 2 scrolls of fear {unknown}
 k - 2 scrolls of enchant armour {unknown}
Potions
 d - a potion of mutation {unknown}
 g - a potion of restore abilities {unknown}
 m - 2 potions of heal wounds {unknown}
 n - a potion of flight {unknown}
Books
 c - a book of Conjurations

   Spells                             Type                      Level
   *Magic Dart                        Conjuration                  1
   Searing Ray                        Conjuration                  2
   *Dazzling Spray                    Conjuration/Hexes            3
   Iskenderun's Mystic Blast          Conjuration                  4
   Iskenderun's Battlesphere          Conjuration/Charms           4
   Fulminant Prism                    Conjuration/Hexes            5


   Skills:
 - Level 2.4 Dodging
 - Level 2.4 Stealth
 - Level 3.0 Spellcasting
 + Level 6.1 Conjurations


You had 4 spell levels left.
You knew the following spells:

 Your Spells              Type           Power        Failure   Level  Hunger
a - Magic Dart            Conj           ####         1%          1    None
b - Dazzling Spray        Conj/Hex       ###.....     14%         3    ###....


Dungeon Overview and Level Annotations

Branches:
Dungeon (3/16)

Altars:
Kikubaaqudgha


Message History

The orc is dazzled.
The orc barely misses you.
The orc priest invokes the aid of Beogh against you.
Something smites you!
Ouch! That really hurt!
* * * LOW HITPOINT WARNING * * *
The kobold throws a dart.
The dart misses you. The orc completely misses you.
Casting: Dazzling Spray
Confirm with . or Enter, or press ? or * to list all spells.
Aiming: Dazzling Spray
Press: ? - help, Shift-Dir - straight line, f/p - orc
Aim: an orc, wielding an orcish short sword (severely wounded, blind)
The spray of energy hits the orc.
You kill the orc!
The spray of energy hits the orc.
You kill the orc!
You are feeling hungry.
The kobold throws a dart.
The dart misses you.
The orc priest calls down the wrath of Beogh upon you.
Something smites you!
You die...

.................................
####.##########.#####...####...##
#.# #.# #...# #...## #)# #.#
#...# ###... #.# #.# ##### ####
..# #.# ##### # #.# #...# ##
#######.#########...####.
....o.).@(...............
....K..)...............(.
######..>..###.%.###...#. ##....#
#...# #...## #....# #...# #....#
#.###...#### ##...# #. ...
###...# #. ...#..<#...### ..
...............


You could see an orc priest and a kobold.

Vanquished Creatures
  2 adders
  A worm (D:2)
  A giant eyeball (D:3)
  A giant gecko (D:2)
  2 orcs (D:3)
  A ball python (D:2)
  4 bats
  2 hobgoblins
  4 jackals (D:1)
  2 giant newts (D:2)
  7 goblins
  6 kobolds
  6 rats
39 creatures vanquished.

Notes
Turn   | Place    | Note
--------------------------------------------------------------
     0 | D:1      | Jenx, the Deep Elf Conjurer, began the quest for the Orb.
     0 | D:1      | Reached XP level 1. HP: 10/10 MP: 5/5
   235 | D:1      | Reached XP level 2. HP: 15/15 MP: 3/8
   239 | D:1      | Reached skill level 5 in Conjurations
  1009 | D:2      | Reached XP level 3. HP: 19/19 MP: 8/10
  1014 | D:2      | Learned a level 3 spell: Dazzling Spray
  1748 | D:3      | Reached skill level 6 in Conjurations
  1754 | D:3      | Found an ancient bone altar of Kikubaaqudgha.
  1889 | D:3      | Killed from afar by an orc priest

Action                   || total
-------------------------++-------
Melee: Unarmed           ||     1
       Whip              ||     5
Throw: Dart              ||     3
 Cast: Magic Dart        ||    63
       Dazzling Spray    ||     7
